 Dungeon Crawl Stone Soup version 0.28-a0-861-ge64d6db94f (webtiles) character file.

Game seed: 17721745276203947596

12858 frimble the Grappler (level 11, -5/107 HPs)
             Began as a Troll Warper on Nov 16, 2021.
             Killed from afar by Jorgrun (31 damage)
             ... with a blast of rock fragments
             ... on level 12 of the Dungeon.
             The game lasted 00:18:24 (9557 turns).

frimble the Grappler (Troll Warper)                 Turns: 9557, Time: 00:18:25

Health: -5/107     AC:  7    Str: 27    XL:     11   Next: 68%
Magic:  11/11      EV:  9    Int: 12    God:
Gold:   432        SH: 13    Dex: 13    Spells: 8/12 levels left

rFire   + . .      SeeInvis +     - Unarmed
rCold   + . .      Faith    .   m - +3 kite shield "Kuquavixua" {Dex+4}
rNeg    . . .      Spirit   .   j - +1 robe "Tyofom Ihuza" {Rampage rF+ rC+}
rPois   .          Reflect  .   (helmet restricted)
rElec   .          Harm     .   G - +1 cloak
rCorr   .          Rampage  +   (gloves unavailable)
Will    .....                   (boots unavailable)
Stlth   +.........              y - amulet of regeneration
HPRegen 2.27/turn               E - +6 ring of strength
MPRegen 0.12/turn               A - ring of see invisible

@: no status effects
A: large, unfitting armour, claws 3, regeneration 1, shaggy fur 1, tough skin 1
a: no special abilities


You were on level 12 of the Dungeon.
You visited 1 branch of the dungeon, and saw 12 of its levels.
You also visited: Ossuary.

You collected 822 gold pieces.
You spent 390 gold pieces at shops.

Inventory:

Missiles
 c - 4 boomerangs of dispersal (quivered)
 v - 4 throwing nets
Armour
 j - the +1 robe "Tyofom Ihuza" (worn) {Rampage rF+ rC+}
   (You took it off a gnoll on level 4 of the Dungeon)

   rF:        It protects you from fire.
   rC:        It protects you from cold.
   Rampage:   It bestows one free step when moving towards enemies.
 m - the +3 kite shield "Kuquavixua" (worn) {Dex+4}
   (You acquired it on level 5 of the Dungeon)

   Dex:       It affects your dexterity (+4).
 G - a +1 cloak (worn)
Jewellery
 a - a ring of fire
 p - a ring of magical power
 y - an amulet of regeneration (around neck)
 A - a ring of see invisible (right claw)
 C - an amulet of reflection
 E - a +6 ring of strength (left claw)
 H - a ring of ice
Wands
 i - a wand of flame (129)
 t - a wand of paralysis (5)
 D - a wand of iceblast (21)
 J - a wand of charming (5)
Scrolls
 b - 2 scrolls of blinking
 g - 4 scrolls of magic mapping
 l - 3 scrolls of amnesia
 n - 3 scrolls of enchant weapon
 o - 4 scrolls of teleportation
 K - a scroll of immolation
Potions
 d - 4 potions of degeneration
 e - 4 potions of magic
 f - 2 potions of brilliance
 h - 4 potions of curing
 k - 2 potions of cancellation
 q - 3 potions of might
 r - 3 potions of heal wounds
 u - a potion of haste
 w - a potion of berserk rage {unknown}
 x - a potion of lignification {unknown}
 z - a potion of mutation {unknown}
 F - a potion of resistance
Miscellaneous
 I - a lightning rod (1/4)


   Skills:
 + Level 6.4 Fighting
 - Level 4.6 Throwing
 - Level 2.0 Dodging
 - Level 8.0 Shields
 + Level 9.6 Unarmed Combat
 - Level 1.3 Spellcasting
 - Level 8.0 Translocations
 + Level 0.3 Evocations


You had 8 spell levels left.
You knew the following spells:

 Your Spells              Type           Power      Damage    Failure   Level
a - Blink                 Tloc           38%        N/A       1%          2
b - Passwall              Tmut/Erth      0%         N/A       50%         2

Your spell library contained the following spells:

 Spells                   Type           Power      Damage    Failure   Level
 Gell's Gravitas          Tloc           19%        N/A       4%          3
 Lesser Beckoning         Tloc           19%        N/A       4%          3
 Teleport Other           Tloc           19%        N/A       4%          3
 Foxfire                  Conj/Fire      0%         2x1d4     36%         1
 Pain                     Necr           0%         1d4       36%         1
 Manifold Assault         Tloc           19%        N/A       36%         5
 Conjure Flame            Conj/Fire      0%         6-21      73%         3
 Inner Flame              Hex/Fire       0%         N/A       73%         3
 Swiftness                Air            0%         N/A       73%         3
 Flame Wave               Conj/Fire      0%         3d3       98%         4
 Summon Ice Beast         Ice/Summ       0%         N/A       98%         4
 Agony                    Necr           0%         N/A       100%        5
 Excruciating Wounds      Necr           0%         N/A       100%        5
 Summon Mana Viper        Hex/Summ       0%         N/A       100%        5
 Monstrous Menagerie      Summ           0%         N/A       100%        7


Dungeon Overview and Level Annotations

Branches:
Dungeon (12/15)            Temple (0/1) D:6             Orc (0/2) D:12
Ossuary (visited)
   Lair: D:8-11

Altars:
Ashenzari
Dithmenos
Elyvilon
Fedhas
Gozag
Hepliaklqana
Nemelex Xobeh
Ru
Wu Jian
Xom
Zin

Shops:
D:5 =   D:9 *   D:10 (

Annotations:
D:7 1 runed translucent door, lunkers's ghost, novice DjCA
D:12 Jorgrun


Innate Abilities, Weirdness & Mutations

You are too large for most types of armour.
You have claws for hands.
Your natural rate of healing is unusually fast.
You are covered in fur. (AC +1)
You have tough skin. (AC +1)


Message History

The troll bites you! You block the troll's attack. x2
You closely miss the troll. You block the troll's attack. x2
The troll claws you but does no damage.
You mangle the troll!!
The troll is severely wounded.
The troll bites you but does no damage. The troll claws you!
The troll claws you but does no damage.
You mangle the troll!!
You kill the troll!
You rampage towards the ogre zombie!
You mangle the ogre zombie!!
The ogre zombie is severely damaged.
You hear a grinding noise.
The ogre zombie closely misses you.
The orc zombie hits you but does no damage.
Jorgrun Earthshaker comes into view.
He is wielding a +0 vorpal quarterstaff and wearing a +2 robe of the Archmagi.
You claw the ogre zombie!
You destroy the ogre zombie!
You block the orc zombie's attack.
You completely miss the orc zombie. Jorgrun gestures at you while chanting.
The iron shot hits you!!!!
Ouch! That really hurt!
* * * LOW HITPOINT WARNING * * *
You are too injured to fight recklessly!
You are too injured to fight recklessly!
You are too injured to fight recklessly!
You are too injured to fight recklessly!
You are too injured to fight recklessly!
You are too injured to fight recklessly!
You are too injured to fight recklessly!
You are too injured to fight recklessly!
You are too injured to fight recklessly!
You are too injured to fight recklessly!
You are too injured to fight recklessly!
Blink to where?
Press: ? - help, Dir - move target
As you read the scroll of blinking, it crumbles to dust.
Jorgrun points next to you and mumbles some strange words.
The wall shatters!
The blast of rock fragments hits you!!
You die...

...#..##..#
8......#..#
.....)....g##
..........#.####
..........ZZ..^#
>.....8..#.##..#
.$......###Z##.#
$....$.#........##
...Z...#### #@#
8......# ###
...##### /## ## #


You could see Jorgrun, an orc zombie and an ogre zombie.

Vanquished Creatures
  Harold (D:8)
  Erica (D:8)
  3 two-headed ogres
  Pikel (D:4)
  An ugly thing (D:12)
  2 manticores
  Maggie (D:8)
  An unseen horror (D:11)
  A tengu conjurer (D:12)
  2 komodo dragons (D:9)
  A troll (D:12)
  A vampire (D:9)
  A wyvern (D:7)
  3 shadows
  2 wraiths (D:12)
  4 yaks (D:9)
  A basilisk (D:9)
  2 vampire mosquitoes (D:12)
  A steam dragon (D:8)
  An acid dragon (D:9)
  A water moccasin (D:7)
  Duvessa (D:4)
  4 orc warriors
  A sky beast (D:4)
  An ogre (D:5)
  5 centaurs
  2 phantoms (D:12)
  A kobold brigand (D:10)
  2 bullfrogs
  2 gnoll sergeants
  2 scorpions
  A water moccasin skeleton (D:5)
  Dowan (D:4)
  A troll zombie (D:12)
  8 killer bees
  7 wights
  3 howler monkeys
  2 centaur zombies
  A bullfrog skeleton (D:7)
  A bullfrog zombie (D:6)
  A jelly (D:5)
  5 hounds
  2 centaur skeletons (D:4)
  7 orc priests
  A human zombie (Ossuary)
  2 gnoll shamans
  2 iguanas
  5 orc wizards
  A killer bee zombie (D:6)
  5 ogre zombies (D:12)
  2 hound zombies
  A hound skeleton (D:4)
  4 mummies (Ossuary)
  A howler monkey zombie (D:7)
  A howler monkey skeleton (D:5)
  Robin (D:2)
  22 gnolls
  6 adders
  A shadow imp (D:7)
  2 white imps
  2 adder zombies (Ossuary)
  3 worms
  6 dart slugs
  21 orcs
  9 endoplasms
  4 giant cockroaches
  3 gnoll zombies (Ossuary)
  14 goblins
  5 hobgoblins
  6 jackals (D:3)
  8 kobolds
  7 quokkas
  7 ball pythons
  5 bats
  4 frilled lizards
  2 goblin skeletons (D:12)
  5 goblin zombies
  A hobgoblin skeleton (D:12)
  A jackal zombie (Ossuary)
  An orc skeleton (D:12)
  15 orc zombies
  3 rats
  A rat zombie (Ossuary)
283 creatures vanquished.

Vanquished Creatures (others)
  Psyche (D:9)
1 creature vanquished.

Grand Total: 284 creatures vanquished

Notes
Turn   | Place    | Note
-------+----------+-------------------------------------------
     0 | D:1      | frimble the Troll Warper began the quest for the Orb.
     0 | D:1      | Reached XP level 1. HP: 19/19 MP: 1/1
    96 | D:1      | Reached skill level 1 in Throwing
   155 | D:1      | Reached XP level 2. HP: 24/28 MP: 2/2
   552 | D:1      | Found a faded altar of an unknown god.
   623 | D:2      | Reached XP level 3. HP: 35/35 MP: 3/3
   626 | D:2      | Learned a level 2 spell: Blink
   675 | D:2      | Noticed Robin
   730 | D:2      | Killed Robin
   731 | D:2      | Reached XP level 4. HP: 42/42 MP: 4/4
  1290 | D:3      | Found a hazy altar of Hepliaklqana.
  1344 | D:3      | Reached skill level 3 in Unarmed Combat
  1555 | D:4      | Noticed Dowan
  1557 | D:4      | Noticed Duvessa
  1568 | D:4      | Killed Duvessa
  1569 | D:4      | Reached XP level 5. HP: 30/52 MP: 2/5
  1575 | D:4      | Killed Dowan
  1576 | D:4      | Reached XP level 6. HP: 14/59 MP: 1/6
  1738 | D:4      | Identified the +1 robe "Tyofom Ihuza" {Rampage rF+ rC+}
  1823 | D:4      | Found a sparkling altar of Nemelex Xobeh.
  1857 | D:4      | Reached skill level 4 in Unarmed Combat
  1902 | D:4      | Reached XP level 7. HP: 67/67 MP: 7/7
  1905 | D:4      | Learned a level 2 spell: Passwall
  2017 | D:4      | Noticed Pikel
  2058 | D:4      | Killed Pikel
  2059 | D:4      | Reached skill level 5 in Unarmed Combat
  2059 | D:4      | Reached XP level 8. HP: 45/78 MP: 8/8
  2203 | D:4      | Found a glowing silver altar of Zin.
  2244 | D:5      | Entered Level 5 of the Dungeon
  2290 | D:5      | Identified a scroll of acquirement
  2290 | D:5      | Acquired the +3 kite shield "Kuquavixua" {Dex+4}
  2427 | D:5      | Found an ornate altar of the Wu Jian Council.
  2433 | D:5      | Found a blossoming altar of Fedhas.
  2517 | D:5      | Found a sand-covered staircase.
  2528 | Ossuary  | Entered an ossuary
  2861 | D:5      | Found Cocolakk's Jewellery Shoppe.
  2935 | D:5      | Reached skill level 1 in Shields
  3207 | D:5      | Found a white marble altar of Elyvilon.
  3468 | D:6      | Reached skill level 6 in Unarmed Combat
  3542 | D:6      | Reached skill level 5 in Translocations
  3594 | D:6      | Found a broken altar of Ashenzari.
  3626 | D:6      | Found a shadowy altar of Dithmenos.
  3670 | D:6      | Found a staircase to the Ecumenical Temple.
  3681 | D:6      | Reached XP level 9. HP: 83/85 MP: 9/9
  3752 | D:6      | You fall into a shaft and drop 3 floors!
  4278 | D:7      | Noticed lunkers's ghost (novice DjCA)
  4694 | D:5      | Bought an amulet of regeneration for 390 gold pieces
  4762 | D:7      | Found a runed translucent door.
  4776 | D:7      | Reached skill level 7 in Unarmed Combat
  5235 | D:8      | Noticed a two-headed ogre
  5245 | D:8      | Killed a two-headed ogre
  5281 | D:8      | Noticed Harold
  5302 | D:8      | Killed Harold
  5303 | D:8      | Reached skill level 8 in Unarmed Combat
  5303 | D:8      | Reached XP level 10. HP: 55/94 MP: 10/10
  5447 | D:8      | Reached skill level 5 in Shields
  5542 | D:8      | Noticed Maggie
  5560 | D:8      | Killed Maggie
  5816 | D:9      | Noticed Erica
  5866 | D:8      | Killed Erica
  5916 | D:9      | Found an opulent altar of Gozag.
  5920 | D:9      | Found Gozag's Platinum Reserve.
  6079 | D:10     | Entered Level 10 of the Dungeon
  6079 | D:10     | Found Qamn's Weapon Shoppe.
  6243 | D:9      | Found a sacrificial altar of Ru.
  6760 | D:9      | Noticed Psyche
  6766 | D:9      | Killed Psyche
  6949 | D:10     | Found a shimmering altar of Xom.
  6984 | D:10     | Reached XP level 11. HP: 101/101 MP: 11/11
  7209 | D:10     | Noticed a two-headed ogre
  7289 | D:10     | Killed a two-headed ogre
  8628 | D:11     | Reached skill level 5 in Fighting
  9157 | D:12     | Noticed an eight-headed hydra
  9314 | D:12     | Found a staircase to the Orcish Mines.
  9314 | D:12     | Noticed a cyan ugly thing
  9340 | D:12     | Killed a cyan ugly thing
  9341 | D:12     | Reached skill level 9 in Unarmed Combat
  9455 | D:12     | Noticed a two-headed ogre
  9468 | D:12     | Killed a two-headed ogre
  9555 | D:12     | Noticed Jorgrun
  9557 | D:12     | Killed from afar by Jorgrun

Illustrated notes

Levels and vault maps discovered:
D:1:      dpeg_arrival_lava_temple_mockup, layout_basic,
          shapermc_ecumenical_altar_hornbeckon
D:2:      layout_rooms, uniq_robin
D:3:      layout_basic, worldfamousw_hep_ancestral_shrine, minmay_surrounded
D:4:      layout_basic, nemelex_xobeh_ov_fountains_minmay, zin_academy,
          uniq_duvessa, uniq_pikel
D:5:      layout_loops_ring, elyvilon_altar_3, mainiacjoe_overflow_big_doors,
          enter_ossuary_4, serial_shops, nicolae_shop_stone
D:6:      layout_basic, mainiacjoe_overflow_small_starburst,
          mainiacjoe_overflow_surrounded_room, minmay_temple_entry_junction
D:7:      layout_loops_cross, hellmonk_ghost_happy_afterlife
D:8:      layout_basic, roderic_roman_lattice, hangedman_decor_clover_reticule,
          grunt_ministairs_2, uniq_harold, uniq_maggie
D:9:      layout_rooms, nicolae_gozag_zags_fifth_avenue,
          mainiacjoe_overflow_catwalk, erik_lair_dragon, uniq_erica, uniq_psyche
D:10:     layout_layer_cave, mainiacjoe_overflow_alcove_1,
          minmay_misc_feat_plants, grunt_ministairs_5, nicolae_take_the_stairs
D:11:     layout_loops_ring
D:12:     layout_basic, zombieorc2_lemuel, serial_shops, nicolae_lakefront_shop,
          uniq_jorgrun

Skill      XL: |  1  2  3  4  5  6  7  8  9 10 11 |
---------------+----------------------------------+-----
Throwing       | 1 2 3 4 |  4.6
Dodging        | 2 |  2.0
Fighting       | 2 3 4 6 |  6.4
Unarmed Combat | 3 4 5 6 8 9 |  9.6
Translocations | 3 4 5 6 8 |  8.0
Shields        | 2 4 7 8 |  8.0
Spellcasting   | |  1.3
Evocations     | |  0.3

Action                   |  1- 3 |  4- 6 |  7- 9 | 10-12 || total
-------------------------+-------+-------+-------+-------++-------
Melee: Unarmed           |    99 |   148 |   336 |   445 ||  1028
       Punch             |     1 |     2 |    13 |     4 ||    20
Throw: Boomerang         |       |       |    15 |    29 ||    44
       Javelin           |       |       |       |     4 ||     4
 Cast: Blink             |       |     3 |     3 |     7 ||    13
Evoke: Wand              |       |     6 |     4 |     1 ||    11
       Lightning rod     |       |       |       |     3 ||     3
  Use: Scroll            |       |     6 |     9 |     4 ||    19
       Potion            |       |     1 |       |       ||     1
 Stab: Sleeping          |     1 |       |     1 |       ||     2
       Paralysed         |       |       |     6 |     1 ||     7
Armor: Robe              |    27 |    59 |    74 |    73 ||   233
Dodge: Dodged            |    37 |   112 |   151 |   125 ||   425
Block: Kite shield       |       |       |       |   156 ||   156

Table legend: (Time is in decaauts)
 A = Elapsed time spent in this place.
 B = Non-inter-level travel time spent in this place.
 C = Inter-level travel time spent in this place.
 D = Time resting spent in this place.
 E = Time spent auto-exploring this place.
 F = Levels seen in this place.
 G = Mean time per level.
                   A        B        C        D        E       F      G
               +--------+--------+--------+--------+--------+-----+--------+
         Total |   9476 |   8744 |    732 |     77 |   6370 |  13 |  728.9 |
       Dungeon |   9220 |   8488 |    732 |     77 |   6219 |  12 |  768.3 |
       Ossuary |    256 |    256 |      0 |      0 |    151 |   1 |  256.0 |
               +--------+--------+--------+--------+--------+-----+--------+

Top non-repeatable levels by time:
    D:10: 1452 daAuts
     D:8: 1041 daAuts
     D:9: 988 daAuts
     D:5: 977 daAuts
    D:11: 844 daAuts
     D:6: 684 daAuts
     D:4: 675 daAuts
     D:3: 629 daAuts
     D:7: 609 daAuts
     D:1: 581 daAuts
     D:2: 380 daAuts
    D:12: 356 daAuts
 Ossuary: 256 daAuts
